 Dungeon Crawl Stone Soup version 0.28-a0-247-gb8bfbab023 (webtiles) character file.

Game seed: 17001591814501015226

53 bande the Covered (level 3, -4/24 HPs)
             Began as a Gargoyle Fighter on Aug 26, 2021.
             Killed from afar by a white imp (9 damage)
             ... with a puff of frost
             ... summoned by Natasha
             ... on level 2 of the Dungeon.
             The game lasted 00:02:48 (1260 turns).

bande the Covered (Gargoyle Fighter)                Turns: 1260, Time: 00:02:49

Health: -4/24      AC: 11    Str: 19    XL:     3   Next: 87%
Magic:  3/3        EV:  7    Int:  8    God:
Gold:   45         SH: 10    Dex: 16    Spells: 2/2 levels left

rFire   . . .      SeeInvis .   a - +0 war axe
rCold   . . .      Faith    .   c - +1 kite shield
rNeg    + . .      Spirit   .   b - +0 scale mail
rPois   ∞          Reflect  .   h - +0 helmet
rElec   +          Harm     .   (no cloak)
rCorr   .          Rampage  .   (no gloves)
Will    .....                   (no boots)
Stlth   ..........              (no amulet)
HPRegen 0.08/turn               j - +6 ring of dexterity
MPRegen 0.08/turn               (no ring)

@: no status effects
A: sickness immunity, AC +3, negative energy resistance 1, electricity
resistance, torment resistance 1, petrification resistance
a: no special abilities


You were on level 2 of the Dungeon.
You visited 1 branch of the dungeon, and saw 2 of its levels.

You collected 45 gold pieces.

Inventory:

Hand Weapons
 a - a +0 war axe (weapon)
Armour
 b - a +0 scale mail (worn)
 c - a +1 kite shield (worn)
 h - a +0 helmet (worn)
Jewellery
 j - a +6 ring of dexterity (left hand)
Wands
 e - a wand of acid (9)
Potions
 d - a potion of might
 f - a potion of brilliance


   Skills:
 + Level 3.7 Fighting
 + Level 2.3 Axes
 + Level 3.9 Armour
 + Level 3.6 Shields
 * Level 0.5 Evocations


You had 2 spell levels left.
You didn't know any spells.
Your spell library was empty.

Dungeon Overview and Level Annotations

Branches:
Dungeon (2/15)

Altars:

Annotations:
D:2 Natasha


Innate Abilities, Weirdness & Mutations

You are immune to sickness and miasma.
Your stone body is resilient. (AC +3)
You are immune to poison.
You resist negative energy. (rN+)
You are resistant to electric shocks. (rElec)
You are resistant to unholy torment.
You are immune to petrification.


Message History

You hit the bat.
You kill the bat!
No target in view!
You see here a bat corpse.
A kobold comes into view. It is wielding a +0 whip.
The kobold shouts!
You hear an angry hiss.
A kobold comes into view. It is wielding a +0 short sword.
Natasha, Servant of Life and Death comes into view.
The kobold shouts!
You hear a shout!
There are monsters nearby!
Found a scroll labelled GUNOJU RIORAB.
The kobold throws a stone.
The stone hits you but does no damage.
A kobold comes into view. It is wielding a +0 whip.
The kobold shouts!
You hear a shout!
A kobold comes into view. It is wielding a +0 whip.
You block the kobold's attack. The kobold hits you but does no damage.
Natasha casts a spell.
You closely miss the kobold. You hit the kobold.
You kill the kobold!
The kobold hits you with a +0 short sword.
You block the kobold's attack. Natasha claws you.
You miss Natasha. You hit the kobold.
You kill the kobold!
You hit the white imp. The white imp hits you. The white imp freezes you.
Natasha claws you. The white imp hits you.
* * * LOW HITPOINT WARNING * * *
The white imp freezes you.
* * * LOW HITPOINT WARNING * * *
The kobold throws a stone.
You block the stone.
Natasha stares at you and mumbles some strange words.
The magic dart hits you but does no damage.
The kobold throws a stone.
The stone barely misses you.
The white imp picks up a beetle and eats it.
The white imp gestures at you.
The puff of frost hits you but does no damage.
The white imp gestures at you. You block the puff of frost.
The white imp gestures at you. The puff of frost hits you!
You die...

##.......#####....
#.................
#†################
#.# # #≈≈...≈≈#
#.# # #≈≈...≈≈#
#.# # #≈≈...≈≈#
#.# # #≈≈...≈≈#
#.# # #≈≈...≈≈#
#@# # #≈≈...≈≈#
#.# # #≈.))..≈#
#.# # #...K.?.#
#.# # ##.....##
#5# # ###.######K#
# #.h.K..h.#
##########


You could see Natasha, a white imp (summoned) and a kobold.

Vanquished Creatures
  2 adders (D:2)
  3 dart slugs
  An endoplasm (D:2)
  2 goblins
  4 hobgoblins
  2 quokkas
  3 ball pythons (D:1)
  3 bats (D:2)
  2 kobolds (D:2)
  8 rats
30 creatures vanquished.

Vanquished Creatures (others)
  A goblin (D:1)
  A ball python (D:1)
2 creatures vanquished.

Grand Total: 32 creatures vanquished

Notes
Turn   | Place    | Note
-------+----------+-------------------------------------------
     0 | D:1      | bande the Gargoyle Fighter began the quest for the Orb.
     0 | D:1      | Reached XP level 1. HP: 14/14 MP: 1/1
   283 | D:1      | Reached XP level 2. HP: 18/19 MP: 2/2
   875 | D:2      | Reached XP level 3. HP: 19/23 MP: 3/3
  1241 | D:2      | Noticed Natasha
  1260 | D:2      | Killed from afar by a white imp

Illustrated notes

Levels and vault maps discovered:
D:1:      psy_arrival_basics, layout_loops_ring, lemuel_old_faithful
D:2:      minmay_kobold_bridge, layout_basic, grunt_decor_junction,
          hangedman_decor_clover_reticule, uniq_natasha

Skill      XL: |  1  2 |
---------------+-------+-----
Axes           | 2 |  2.3
Fighting       | |  3.7
Armour         | |  3.9
Shields        | |  3.6
Evocations     | |  0.5

Action                   || total
-------------------------++-------
Melee: War axe           ||    72
  Use: Potion            ||     4
       Scroll            ||     1
Armor: Scale mail        ||    55
Dodge: Dodged            ||    16
Block: Kite shield       ||    48

Table legend: (Time is in decaauts)
 A = Elapsed time spent in this place.
 B = Non-inter-level travel time spent in this place.
 C = Inter-level travel time spent in this place.
 D = Time resting spent in this place.
 E = Time spent auto-exploring this place.
 F = Levels seen in this place.
 G = Mean time per level.
                   A        B        C        D        E       F      G
               +--------+--------+--------+--------+--------+-----+--------+
         Total |   1304 |   1284 |     20 |     85 |    867 |   2 |  652.0 |
       Dungeon |   1304 |   1284 |     20 |     85 |    867 |   2 |  652.0 |
               +--------+--------+--------+--------+--------+-----+--------+

Top non-repeatable levels by time:
     D:1: 799 daAuts
     D:2: 504 daAuts
